 Dungeon Crawl Stone Soup version 0.17.1-3-g152610e (webtiles) character file.

3775 barb4r1an the Protected (level 10, 0/65 HPs)
             Began as a Gargoyle Fighter on Apr 10, 2016.
             Slain by Erica
             ... wielding a +0 scimitar of flaming
              (1 damage)
             ... on level 8 of the Dungeon.
             The game lasted 00:24:02 (7847 turns).

barb4r1an the Protected (Gargoyle Fighter)          Turns: 7847, Time: 00:24:03

Health: 0/65       AC: 21    Str: 22    XL:     10   Next: 16%
Magic:  10/10      EV:  8    Int: 10    God:
Gold:   445        SH: 11    Dex:  9    Spells: 0 memorised, 9 levels left

rFire  . . .     SeeInvis .     H - +3 flail (holy)
rCold  . . .     Clarity  .     b - +0 scale mail
rNeg   + + .     SustAt   .     c - +0 shield
rPois  ∞         Gourm    +     z - +0 helmet
rElec  +         Spirit   .     v - +0 cloak
rCorr  .         Warding  .     K - +2 pair of gloves
rMut   .         Stasis   .     (no boots)
MR     .....                    F - amulet of the gourmand
Stlth  ..........               e - ring of positive energy
                                n - ring of flight

@: not resistant to hostile enchantments, extremely unstealthy
A: negative energy resistance 1, electricity resistance, unbreathing,
petrification resistance, rot immunity, AC +7
a: Evoke Flight


You were on level 8 of the Dungeon.
You were not hungry.

You visited 2 branches of the dungeon, and saw 9 of its levels.
You also visited: Sewer.

You collected 445 gold pieces.

Inventory:

Hand Weapons
 a - a +0 flail
 H - a +3 flail of holy wrath (weapon)
Armour
 b - a +0 scale mail (worn)
 c - a +0 shield (worn)
 k - a +3 leather armour
 v - a +0 cloak (worn)
 z - a +0 helmet (worn)
 K - a +2 pair of gloves (worn)
Jewellery
 e - a ring of positive energy (right hand)
 n - a ring of flight (left hand)
 C - the ring "Zinnuiny" {rElec rN+ AC+1 Dex+3 Slay+3, unknown}
   (You found it on level 6 of the Dungeon)

   [ring of protection]

   It affects your AC (+1).
   It affects your dexterity (+3).
   It affects your accuracy and damage with ranged weapons and melee attacks
   (+3).
   It insulates you from electricity.
   It protects you from negative energy.
 F - an amulet of the gourmand (around neck)
Wands
 I - a wand of disintegration (11)
 N - a wand of magic darts (33)
 O - a wand of frost (38)
Scrolls
 h - a scroll of enchant weapon
 i - 3 scrolls of random uselessness
 j - 5 scrolls of amnesia
 l - 2 scrolls of noise
 o - 4 scrolls of remove curse
 x - 3 scrolls of blinking
 A - 4 scrolls of teleportation
 D - 2 scrolls of fog
 G - a scroll of immolation {unknown}
 L - a scroll of identify
 M - a scroll of fear
 P - a scroll of recharging {unknown}
 R - a scroll of magic mapping {unknown}
Potions
 d - 4 potions of might
 f - a potion of ambrosia {unknown}
 g - a potion of mutation {unknown}
 m - 2 potions of haste {unknown}
 p - 2 potions of magic {unknown}
 q - 2 potions of curing {unknown}
 s - a potion of resistance {unknown}
 t - 2 potions of berserk rage
 u - 2 potions of heal wounds
 w - 2 potions of invisibility
 E - 3 potions of flight
Miscellaneous
 y - a phial of floods
 B - an ornate deck of defence
Comestibles
 r - a slice of pizza
 J - 5 bread rations
 Q - a meat ration


   Skills:
 + Level 8.5 Fighting
 + Level 7.5 Maces & Flails
 + Level 8.6 Armour
 - Level 0.4 Dodging
 + Level 8.4 Shields


You had 9 spell levels left.
You didn't know any spells.

Dungeon Overview and Level Annotations

Branches:
Dungeon (8/15)             Temple (1/1) D:6
   Lair: D:8-11

Altars:
Ashenzari
Cheibriados
Dithmenos
Elyvilon
Fedhas
Gozag
Kikubaaqudgha
Nemelex Xobeh
Okawaru
Qazlal
Ru
Sif Muna
Trog
Vehumet
Xom
Yredelemnul
Zin
The Shining One

Shops:
D:5 =

Annotations:
D:8 Erica


Innate Abilities, Weirdness & Mutations

You are resistant to torment.
Your stone body is resilient (AC +7).
You are immune to poison.
You resist negative energy.
You are resistant to electric shocks.
You can survive without breathing.
You are immune to petrification.
You are immune to rotting.


Message History

* * * LOW HITPOINT WARNING * * *
Something burns you.
* * * LOW HITPOINT WARNING * * *
Your shield prevents you from hitting something.
Something hits you but does no damage.
You barely miss something. Something hits you but does no damage.
You sock something!
You hear some strange, mumbled words.
A bolt of poison appears from out of thin air!
The bolt of poison hits you! You resist.
You closely miss something. Something hits you but does no damage.
You hit something.
You hear some strange, mumbled words.
A bolt of poison appears from out of thin air!
The bolt of poison misses you.
Your shield and scale mail prevent you from hitting something.
Something hits you.
* * * LOW HITPOINT WARNING * * *
Something burns you.
You die...

... #####$###
#####.......#
#...........#
#...........####..
#..#.............
#...........{#
.####.....(((((@#
.(.....<.($.>...#
###.#####.###.###
#.# #.# #.# #.#
#.# #.# ..# #.#
... ..# ###


There were no monsters in sight!

Vanquished Creatures
  The ghost of ThereIsNoGod the Chopper, a novice DDFi of Elyvilon (D:7)
  Pikel (D:6)
  Prince Ribbit (D:7)
  The ghost of bollicks1999 the Covert, an amateur OpAs (Sewer)
  A spriggan (D:7)
  A water moccasin (D:6)
  2 phantoms
  4 ogres
  3 centaurs
  2 giant frogs (D:7)
  The ghost of Sl000nik the Sneak, an amateur KoAs (D:4)
  A big kobold (Sewer)
  4 scorpions
  An oklob sapling (D:6)
  A water moccasin skeleton (D:4)
  5 killer bees
  A crimson imp (D:7)
  A giant frog zombie (D:4)
  A centaur skeleton (D:4)
  A centaur zombie (D:7)
  A gnoll shaman (D:5)
  3 hounds
  A jelly (D:7)
  2 iguanas
  5 worker ants
  A hound zombie (D:5)
  2 hound skeletons (D:5)
  2 river rats
  8 adders
  3 gnolls (D:5)
  A shadow imp (D:6)
  3 oozes (Sewer)
  2 adder skeletons
  6 worms
  6 giant geckos
  7 orcs (D:7)
  5 ball pythons
  8 bats
  7 goblins
  6 hobgoblins
  13 jackals
  6 quokkas
  2 giant cockroaches
  2 giant gecko skeletons
  A giant newt (D:4)
  7 kobolds
  A quokka skeleton (D:5)
  7 rats
  A plant (D:6)
153 creatures vanquished.

Vanquished Creatures (others)
  A worker ant (D:4)
  A giant gecko (D:4)
  A jackal (D:4)
3 creatures vanquished.

Grand Total: 156 creatures vanquished

Notes
Turn   | Place    | Note
--------------------------------------------------------------
     0 | D:1      | barb4r1an the Gargoyle Fighter began the quest for the Orb.
     0 | D:1      | Reached XP level 1. HP: 14/14 MP: 1/1
   418 | D:1      | Reached XP level 2. HP: 16/19 MP: 2/2
  1055 | D:2      | Reached XP level 3. HP: 23/23 MP: 3/3
  1419 | D:2      | Found a bloodstained altar of Trog.
  1419 | D:2      | Found an ancient bone altar of Kikubaaqudgha.
  1472 | D:2      | Found an opulent altar of Gozag.
  1552 | D:3      | Reached XP level 4. HP: 29/29 MP: 4/4
  1711 | D:3      | Found a shadowy altar of Dithmenos.
  1957 | D:3      | Reached skill level 4 in Armour
  2633 | D:4      | Found a large runed door.
  2633 | D:4      | Found a large runed door.
  2651 | D:4      | Found a large runed door.
  2651 | D:4      | Found a large runed door.
  2672 | D:4      | Reached XP level 5. HP: 3/33 MP: 5/5
  2845 | D:4      | Found a shimmering altar of Xom.
  3076 | D:4      | Reached XP level 6. HP: 37/39 MP: 6/6
  3150 | D:4      | Found a glowing drain.
  3155 | Sewer    | Entered a sewer
  3454 | Sewer    | Noticed bollicks1999's ghost (amateur OpAs)
  3487 | Sewer    | Killed bollicks1999's ghost
  3487 | Sewer    | Reached skill level 5 in Fighting
  3487 | Sewer    | Reached skill level 5 in Armour
  3487 | Sewer    | Reached XP level 7. HP: 29/44 MP: 7/7
  3512 | Sewer    | Reached skill level 5 in Shields
  3899 | D:4      | Noticed an ogre
  3907 | D:4      | Killed an ogre
  4218 | D:4      | Noticed an ogre
  4223 | D:4      | Killed an ogre
  4461 | D:4      | Reached XP level 8. HP: 51/51 MP: 8/8
  4500 | D:4      | Noticed a phantom
  4526 | D:4      | Killed a phantom
  4526 | D:4      | Reached skill level 6 in Fighting
  4526 | D:4      | Reached skill level 5 in Maces & Flails
  4573 | D:4      | Noticed Sl000nik's ghost (amateur KoAs)
  4587 | D:4      | Killed Sl000nik's ghost
  4600 | D:5      | Entered Level 5 of the Dungeon
  4787 | D:5      | Found a shattered altar of Ashenzari.
  4924 | D:5      | Found Nyjaff's Jewellery Shop.
  5553 | D:6      | Found a staircase to the Ecumenical Temple.
  5576 | Temple   | Entered the Ecumenical Temple
  6059 | D:6      | Reached XP level 9. HP: 19/56 MP: 9/9
  6293 | D:6      | Reached skill level 7 in Fighting
  6584 | D:6      | Noticed Pikel
  6601 | D:6      | Killed Pikel
  6876 | D:6      | Got a pitted granite ring
  7111 | D:7      | Noticed ThereIsNoGod's ghost (novice DDFi)
  7128 | D:7      | Killed ThereIsNoGod's ghost
  7175 | D:7      | Reached skill level 8 in Fighting
  7329 | D:7      | Noticed Prince Ribbit
  7453 | D:7      | Reached XP level 10. HP: 49/64 MP: 10/10
  7717 | D:7      | Killed Prince Ribbit
  7814 | D:8      | Noticed Erica
  7847 | D:8      | HP: 1/65 [something (6)]
  7847 | D:8      | Slain by Erica

Action                   |  1- 3 |  4- 6 |  7- 9 | 10-12 || total
-------------------------+-------+-------+-------+-------++-------
Melee: Flail             |   117 |   209 |   417 |    49 ||   792
  Use: Scroll            |       |     9 |     5 |       ||    14
       Potion            |       |     1 |       |       ||     1
  Eat: Bread ration      |     1 |     1 |     2 |       ||     4
       Meat ration       |       |       |     1 |       ||     1
       Chunk             |       |       |       |     2 ||     2
